 Dungeon Crawl Stone Soup version 0.16.1-51-g6203257 (webtiles) character file.

86 Miyamura the Insei (level 4, -3/36 HPs)
             Began as a Draconian Transmuter on July 15, 2015.
             Splashed by a jelly's acid (16 damage)
             ... on level 3 of the Dungeon.
             The game lasted 00:06:38 (2157 turns).

Miyamura the Insei (Draconian Transmuter)           Turns: 2157, Time: 00:06:38

Health: -3/36      AC:  2    Str: 12    XL:     4   Next: 27%
Magic:  5/8        EV: 20    Int: 14    God:
Gold:   77         SH:  0    Dex: 17    Spells: 2 memorised, 4 levels left

rFire  . . .     SeeInvis .       - Unarmed
rCold  . . .     Clarity  .     (armour unavailable)
rNeg   . . .     SustAb   .     (shield currently unavailable)
rPois  x         Gourm    .     (helmet currently unavailable)
rElec  .         Spirit   .     (cloak currently unavailable)
rCorr  .         Warding  .     (gloves currently unavailable)
rMut   .         Stasis   .     (boots currently unavailable)
MR     .....                    (no amulet)
Stlth  ++........               (no ring)
                                (no ring)

@: spider-form (expiring), not resistant to hostile enchantments, unstealthy
A: unfitting armour, (cold-blooded), AC +5
a: End Transformation


You were on level 3 of the Dungeon.
You were not hungry.
You were a venomous arachnid creature.
You visited 1 branch of the dungeon, and saw 3 of its levels.

You collected 77 gold pieces.

Inventory:

Armour
 h - a +0 shield
 n - a +0 large shield
Jewellery
 g - an uncursed ring of teleport control
 k - an uncursed amulet of guardian spirit
Magical devices
 l - a wand of polymorph (1)
Scrolls
 i - 2 scrolls of teleportation
Potions
 b - 3 potions of brilliance
 e - a potion of resistance
 m - a potion of mutation {unknown}
 o - 2 potions of poison {unknown}
Books
 d - a book of Changes

   Spells                             Type                      Level
   a - Beastly Appendage              Transmutation                1
   b - Sticks to Snakes               Transmutation                2
   c - Spider Form                    Transmutation/Poison         3
   d - Ice Form                       Ice/Transmutation            4
   e - Blade Hands                    Transmutation                5
Comestibles
 a - a bread ration
 f - 2 meat rations
 j - a slice of pizza


   Skills:
 + Level 1.9 Fighting
 + Level 2.3 Dodging
 + Level 3.5 Unarmed Combat
 + Level 2.7 Spellcasting
 + Level 2.6 Transmutations


You had 4 spell levels left.
You knew the following spells:

 Your Spells              Type           Power        Failure   Level  Hunger
a - Beastly Appendage     Trmt           #.....       24%         1    #......
b - Spider Form           Trmt/Pois      #.........   69%         3    ###....


Dungeon Overview and Level Annotations

Branches:
Dungeon (3/15)

Altars:
Makhleb
Sif Muna


Innate Abilities, Weirdness & Mutations

((Your plain brown scales are hard (AC +5).))
Your body does not fit into most forms of armour.
((Your cold-blooded metabolism reacts poorly to cold.))


Message History

Found a stone staircase leading down.
The hobgoblin hits you but does no damage.
Casting: Spider Form
Confirm with . or Enter, or press ? or * to list all spells.
You turn into a venomous arachnid creature.
The hobgoblin hits you with a club.
You bite the hobgoblin!
You kill the hobgoblin!
You hit the jelly.
Your front legs burn!
The jelly is moderately wounded.
You hear a slurping noise.
The jelly hits you.
You are splashed with acid!
The acid burns!
You hit the jelly but do no damage.
Your front legs burn!
The jelly is lightly wounded.
Your transformation is almost over.
The jelly hits you but does no damage.
You hit the jelly but do no damage.
Your front legs burn!
The jelly is lightly wounded.
The jelly hits you.
You are splashed with acid!
The acid burns!
You die...

.........# .....
..........##.....
.................
..................
#..................
#.........K........
#.>..###l#.....?..
.. #J#........
#s#........
#.#.......
#.#.....# #.#.....
#.##### #.#
#############.#
#.............#
#.#############
####


You could see a jelly and a giant gecko.

Vanquished Creatures
  3 adders (D:2)
  A worm (D:2)
  2 giant geckos (D:2)
  11 bats
  A giant cockroach (D:1)
  8 hobgoblins
  3 giant newts
  11 goblins
  6 kobolds
  7 rats
53 creatures vanquished.

Notes
Turn   | Place    | Note
--------------------------------------------------------------
     0 | D:1      | Miyamura, the Draconian Transmuter, began the quest for the Orb.
     0 | D:1      | Reached XP level 1. HP: 16/16 MP: 3/3
   363 | D:1      | Reached XP level 2. HP: 23/23 MP: 4/4
  1088 | D:2      | Reached XP level 3. HP: 25/28 MP: 4/6
  1249 | D:2      | Learned a level 3 spell: Spider Form
  1498 | D:2      | Reached XP level 4. HP: 36/36 MP: 8/8
  1737 | D:2      | Found a burning altar of Makhleb.
  1738 | D:2      | Found a deep blue altar of Sif Muna.
  2157 | D:3      | Splashed by a jelly's acid

Action                   |  1- 3 |  4- 6 || total
-------------------------+-------+-------++-------
Melee: Unarmed           |   135 |    61 ||   196
 Cast: Beastly Appendage |     4 |       ||     4
       Spider Form       |     1 |     1 ||     2
  Use: Scroll            |     5 |     5 ||    10
  Eat: Chunk             |     2 |     2 ||     4
